Map: [ESL] Cosmic Sapphire

Players

Botvinnik

  • Race: Terran Terran
  • Spawn Location: 11:00

Gerald - Winner!

  • Race: Protoss Protoss
  • Spawn Location: 5:00

Event: DreamHack SC2 Masters 2022 Valencia

VOD

Have the link to the VOD?

Description

Time

  • Played on: July 1, 2022, 9:32 a.m.
  • Length: 9:31

All games in this series

Show
View Real Time Build Order
Export as new Build Order

Botvinnik Terran 

Build Orders: Reaper Expand 

Get SALT Encoding   

  12  0:00  SCV  
  13  0:12  SCV  
  14  0:17  Supply Depot  
  14  0:24  SCV  
  15  0:39  SCV  
  15  0:40  Barracks  
  15  0:42  Refinery  
  16  0:51  SCV  
  17  1:03  SCV  
  18  1:15  SCV  
  19  1:27  Orbital Command, Reaper  
  20  1:46  Command Center  
  20  1:53  Supply Depot  
  20  1:54  SCV  
  20  1:59  Marine  
  22  2:06  Bunker  
  22  2:16  SCV  
  22  2:22  Barracks Reactor  
  22  2:28  Refinery  
  22  2:30  Factory, SCV  
  23  2:42  SCV  
  24  3:00  Orbital Command  
  24  3:05  Marine x2  
  24  3:06  Bunker  
  24  3:08  SCV  
  27  3:16  Starport  
  27  3:18  Hellion  
  29  3:20  SCV  
  29  3:30  SCV  
  29  3:31  Marine x2  
  29  3:33  SCV  
  31  3:41  Factory Tech Lab  
  31  3:42  SCV  
  32  3:49  SCV, Marine x2  
  35  3:58  SCV  
  35  4:01  SCV  
  36  4:06  Raven, Barracks  
  36  4:09  Factory Tech Lab  
  38  4:11  SCV  
  38  4:13  SCV  
  38  4:15  Supply Depot  
  40  4:20  Refinery  
  40  4:21  Marine x2  
  40  4:24  SCV  
  43  4:25  SCV  
  44  4:35  Supply Depot  
  44  4:37  Siege Tank  
  44  4:38  SCV x2  
  49  4:49  Marine x2  
  49  4:50  Engineering Bay, SCV x2  
  53  4:56  Barracks  
  53  5:03  Stimpack  
  53  5:05  Marauder  
  52  5:07  Marine x2  
  52  5:11  Siege Tank  
  57  5:14  SCV x2  
  57  5:17  Supply Depot  
  57  5:19  Terran Infantry Weapons Level 1  
  59  5:21  Starport Reactor  
  59  5:26  Supply Depot  
  59  5:28  SCV x2  
  61  5:29  Marine  
  62  5:38  Marine  
  62  5:39  Marauder  
  62  5:42  SCV  
  66  5:43  SCV  
  67  5:50  Combat Shield  
  67  5:51  Marauder  
  67  5:54  SCV  
  67  5:55  Refinery, SCV  
  67  5:56  Marine  
  67  5:57  Marine  
  72  6:00  Supply Depot, Marauder  
  72  6:01  Supply Depot  
  75  6:13  Command Center  
  75  6:14  Medivac  
  77  6:19  SCV  
  77  6:21  SCV, Medivac  
  77  6:25  Marine, Marauder x2  
  85  6:30  Factory Reactor, Supply Depot  
  86  6:36  SCV x2  
  88  6:43  Barracks  
  88  6:44  Barracks, Marine x2  
  90  6:52  Medivac x2  
  94  6:56  Marauder x2  
  94  7:01  SCV x2  
  100  7:02  Marine  
  100  7:06  Supply Depot  
  100  7:07  Supply Depot  
  101  7:16  SCV  
  101  7:18  Terran Infantry Armor Level 1  
  102  7:24  SCV, Marine x2  
  102  7:25  Marauder, Widow Mine x2  
  111  7:36  Barracks Reactor, Marauder  
  111  7:37  Barracks Tech Lab  
  112  7:46  Marauder, Widow Mine  
  116  7:52  SCV x2  
  116  7:55  Ghost Academy  
  118  7:59  Marine x2, Marauder x2  
  118  8:02  Supply Depot  
  118  8:03  Supply Depot  
  124  8:06  SCV x2  
  124  8:11  Supply Depot  
  126  8:17  Orbital Command  
  126  8:18  SCV x2  
  128  8:26  Ghost x2  
  132  8:29  Ghost  
  132  8:51  Marine x4  
  132  8:54  Ghost x2  
  140  8:58  Ghost, Medivac x2  
  140  9:00  SCV x3  
  148  9:03  Bunker  
  148  9:04  Supply Depot  
  148  9:07  Supply Depot  
Show
View Real Time Build Order
Export as new Build Order

Gerald Protoss - Winner!

Build Orders: 1 Gate Expand, Blink Stalkers, Zealot Archon 

Get SALT Encoding   

  12  0:00  Probe  
  13  0:12  Probe  
  14  0:17  Pylon  
  14  0:24  Probe (Chrono Boost)  
  15  0:36  Probe (Chrono Boost)  
  15  0:38  Gateway  
  16  0:44  Probe (Chrono Boost)  
  16  0:46  Assimilator  
  17  0:51  Probe  
  18  1:03  Probe  
  19  1:15  Probe  
  20  1:26  Nexus  
  20  1:27  Probe  
  21  1:39  Probe  
  22  1:40  Cybernetics Core  
  22  1:46  Assimilator  
  22  1:51  Probe  
  23  1:57  Pylon  
  23  2:15  Stalker (Chrono Boost), Probe  
  26  2:27  Probe, Twilight Council  
  27  2:36  Adept (Chrono Boost)  
  27  2:39  Warp Gate, Probe  
  30  2:45  Probe  
  31  2:51  Probe  
  31  2:57  Probe (Chrono Boost)  
  33  3:02  Stalker  
  33  3:05  Blink (Chrono Boost)  
  36  3:09  Probe x2 (Chrono Boost)  
  37  3:16  Probe (Chrono Boost)  
  37  3:17  Probe (Chrono Boost)  
  39  3:22  Gateway  
  39  3:23  Probe  
  39  3:28  Probe  
  39  3:30  Robotics Facility  
  39  3:36  Probe  
  39  3:40  Probe  
  39  3:48  Probe  
  38  3:52  Probe  
  39  4:00  Probe  
  38  4:03  Nexus  
  38  4:04  Probe  
  39  4:10  Pylon  
  39  4:12  Probe  
  39  4:13  Assimilator  
  39  4:14  Pylon  
  39  4:16  Probe  
  41  4:19  Observer (Chrono Boost)  
  42  4:24  Probe  
  42  4:27  Stalker  
  42  4:28  Probe  
  42  4:29  Stalker  
  48  4:34  Observer  
  48  4:35  Assimilator  
  48  4:36  Probe  
  50  4:40  Probe  
  51  4:48  Probe  
  51  4:50  Stalker  
  51  4:52  Charge, Probe  
  54  4:54  Stalker  
  54  4:59  Forge, Gateway  
  57  5:00  Observer, Probe  
  57  5:05  Probe  
  57  5:06  Observer  
  59  5:12  Probe  
  59  5:13  Pylon, Gateway  
  60  5:16  Observer  
  60  5:17  Probe  
  60  5:20  Templar Archives  
  61  5:22  Protoss Ground Armor Level 1 (Chrono Boost)  
  61  5:23  Observer  
  61  5:29  Probe x2 (Chrono Boost)  
  61  5:30  Probe (Chrono Boost)  
  64  5:38  Psionic Storm  
  64  5:39  Probe x3 (Chrono Boost)  
  64  5:40  Gateway x2  
  67  5:43  Pylon  
  67  5:44  Probe (Chrono Boost)  
  67  5:48  Probe  
  69  5:52  Probe  
  69  5:56  Probe  
  71  5:58  High Templar, Zealot  
  71  6:00  Probe, Shield Battery  
  76  6:06  Probe  
  76  6:09  High Templar  
  80  6:11  Observer  
  80  6:12  Pylon, Zealot  
  80  6:15  Warp Prism  
  85  6:20  Zealot  
  85  6:25  Observer  
  85  6:26  Gateway  
  85  6:27  Gateway  
  85  6:31  Pylon  
  85  6:34  Observer  
  85  6:37  High Templar, Zealot x3  
  93  6:40  Pylon  
  93  6:50  Nexus  
  93  6:52  Gateway  
  93  6:53  Gateway  
  91  6:54  Observer  
  91  6:58  High Templar  
  91  6:59  High Templar, Zealot  
  97  7:08  Zealot  
  97  7:09  Zealot  
  97  7:13  Archon  
  97  7:14  Zealot  
  103  7:18  Protoss Ground Weapons Level 1 (Chrono Boost)  
  103  7:19  Immortal  
  107  7:23  Pylon  
  107  7:25  Zealot x3  
  113  7:36  Zealot x2  
  117  7:39  Pylon  
  117  7:40  Pylon  
  117  7:42  Pylon  
  117  7:43  Nexus, Pylon  
  116  7:49  Pylon  
  116  7:52  Pylon  
  116  7:55  Probe  
  116  7:57  Pylon  
  116  7:58  High Templar x2, Zealot  
  121  7:59  Zealot x5  
  121  8:02  Archon  
  121  8:05  Zealot x2  
  137  8:07  Pylon, Probe  
  137  8:08  Probe  
  139  8:14  Probe  
  139  8:19  Probe  
  141  8:21  Probe  
  141  8:25  Pylon, Forge  
  141  8:26  Probe  
  143  8:30  High Templar  
  143  8:31  Probe, High Templar x2  
  150  8:34  Archon  
  150  8:35  Zealot x5  
  160  8:42  Immortal  
  160  8:47  Probe  
  161  8:57  Zealot x5  
  171  9:03  Zealot x2  
  153  9:17  Zealot  
  153  9:18  Zealot x7  
  147  9:28  Stalker x2  

Tags
 
Add a new tag
Caveats
  • Supply blocks, unpowered buildings, or Contaminate may cause inaccurate times.
  • Supply counts are checked every 10 seconds.